 Dungeon Crawl Stone Soup version 0.31-a0-152-g6aa68a64a1 (webtiles) character file.

Game seed: 8439848969515219915

655 qw the Skirmisher (level 7, -2/61 HPs)
             Began as a Minotaur Hunter on June 9, 2023.
             Slain by an orc warrior
             ... wielding a +0 long sword
              (5 damage)
             ... on level 4 of the Dungeon.
             The game lasted 00:01:23 (3363 turns).

qw the Skirmisher (Minotaur Hunter)                 Turns: 3363, Time: 00:01:23

Health: -2/61      AC:  7    Str: 16    XL:     7   Next: 29%
Magic:  6/6        EV: 11    Int:  6    God:
Gold:   184        SH:  0    Dex: 15    Spells: 6/6 levels left

rFire   . . .        Y - +0 shortbow
rCold   . . .        (shield currently unavailable)
rNeg    . . .        b - +0 ring mail
rPois   .            (helmet restricted)
rElec   .            i - +1 cloak
rCorr   .            (no gloves)
SInv    +            (no boots)
Will    .....        (no amulet)
Stlth   +            g - ring of see invisible
HPRegen 0.30/turn    (no ring)
MPRegen 0.10/turn

%: no passive effects
@: no status effects
A: horns 2, retaliatory headbutt
a: no special abilities


You were on level 4 of the Dungeon.
You visited 1 branch of the dungeon, and saw 5 of its levels.

You collected 184 gold pieces.


Innate Abilities, Weirdness & Mutations

You have a pair of horns on your head.
You reflexively headbutt those who attack you in melee.


   Skills:
 - Level 5.2 Fighting
 + Level 8.6 Ranged Weapons
 - Level 2.0 Armour
 - Level 2.1 Dodging
 - Level 0.7 Stealth


You had 6 spell levels left.
You didn't know any spells.
Your spell library was empty.

Inventory:

Hand Weapons
 Y - a +0 shortbow (weapon)
Armour
 b - a +0 ring mail (worn)
 i - a +1 cloak (worn)
Jewellery
 f - a ring of see invisible
 g - a ring of see invisible (left hand)
Scrolls
 h - 2 scrolls of identify
Potions
 c - a potion of mutation

Dungeon Overview and Level Annotations

Branches:
Dungeon (5/15)
 Temple: D:4-7

Altars:
Qazlal

Shops:
D:2 [


Message History

The orc warrior hits you with a +0 long sword!
You shoot an arrow.
The arrow closely misses the orc warrior.
The orc warrior hits you with a +0 long sword!
You shoot an arrow. The arrow hits the orc warrior!
The orc warrior is severely wounded.
The orc warrior misses you.
You shoot an arrow.
The arrow hits the orc warrior but does no damage.
The orc warrior is severely wounded.
The orc warrior hits you with a +0 long sword!
3356 ||| DRINKING potion of heal wounds.
You feel much better.
The orc warrior hits you with a +0 long sword!
You shoot an arrow.
The arrow barely misses the orc warrior.
The orc warrior hits you with a +0 long sword!
You shoot an arrow.
The arrow hits the orc warrior but does no damage.
The orc warrior is severely wounded.
The orc warrior barely misses you.
You shoot an arrow.
The arrow hits the orc warrior but does no damage.
The orc warrior is severely wounded.
The orc warrior hits you with a +0 long sword!
You shoot an arrow.
The arrow closely misses the orc warrior.
The orc warrior closely misses you.
You shoot an arrow. The arrow hits the orc warrior.
The orc warrior is severely wounded.
The orc warrior hits you but does no damage.
You shoot an arrow.
The arrow hits the orc warrior but does no damage.
The orc warrior is severely wounded.
The orc warrior closely misses you.
You shoot an arrow.
The arrow hits the orc warrior but does no damage.
The orc warrior is severely wounded.
The orc warrior hits you with a +0 long sword.
You die...

#..<).%).).....#####.##.
##.#####.###.....>...##.
#.# #......[....##.###
#.# #..###............
#.####..###..###.##.###
##...................#
#.............###.####
#.#####..####.# #.# #.#
#@.# #.# #.# #.# #o)#
#.# #.# #.# #..# #.# #.#
#.# #..# #.# #.# #.#
#..# #.###.# #.#
##..####.....# #.#
#......<.....# #.#
#.#########.## #.# #.#
#.#


You could see an orc warrior.

Vanquished Creatures
  An ogre (D:4)
  2 scorpions (D:4)
  3 jellies
  2 orc priests (D:3)
  An iguana (D:4)
  A sleepcap (D:4)
  Ijyb (D:4)
  An orc wizard (D:4)
  6 gnolls
  5 adders
  An ufetubus (D:4)
  2 dart slugs
  9 orcs
  2 bats
  10 endoplasms
  3 giant cockroaches (D:1)
  8 goblins
  4 hobgoblins
  6 jackals (D:3)
  2 quokkas
  6 ball pythons
  2 frilled lizards
  12 kobolds
  6 rats
96 creatures vanquished.

Notes
Turn   | Place    | Note
-------+----------+-------------------------------------------
     0 | D:1      | qw the Minotaur Hunter began the quest for the Orb.
     0 | D:1      | Reached XP level 1. HP: 18/18 MP: 0/0
     0 | D:1      | 0 ||| qw: Version: 0.2-a-121-gba3a3e5
     0 | D:1      | 0 ||| qw: Game counter: 3206
     0 | D:1      | 0 ||| qw: Always use a shield: true
     0 | D:1      | 0 ||| qw: God list: Okawaru
     0 | D:1      | 0 ||| qw: Allow faded altars: false
     0 | D:1      | 0 ||| qw: Do Orc after D:15 true
     0 | D:1      | 0 ||| qw: Do second Lair branch before Depths: true
     0 | D:1      | 0 ||| qw: Lair rune preference: random
     0 | D:1      | 0 ||| qw: Plans: Normal
     0 | D:1      | 0 ||| PLANNING D:1-11
    31 | D:1      | 31 ||| FLEEEEING.
    32 | D:1      | 32 ||| FLEEEEING.
    67 | D:1      | Reached XP level 2. HP: 25/25 MP: 1/1
    73 | D:1      | 73 ||| READING scroll labelled WOALUEVISO.
    74 | D:1      | 74 ||| DRINKING 2 bubbling sapphire potions.
    75 | D:1      | 75 ||| DROPPING scroll of butterflies.
    80 | D:1      | Reached skill level 5 in Ranged Weapons
   282 | D:1      | Reached skill level 3 in Fighting
   615 | D:1      | 615 ||| UPGRADING to +0 ring mail.
   625 | D:1      | 625 ||| DROPPING +0 leather armour.
   626 | D:1      | 626 ||| DROPPING amulet of magic regeneration.
   627 | D:1      | 627 ||| UPGRADING to ring of see invisible.
   628 | D:1      | 628 ||| READING scroll labelled QUGUPEREKA.
   629 | D:1      | 629 ||| DRINKING 2 red potions.
   630 | D:1      | 630 ||| DROPPING potion of attraction.
   662 | D:2      | You fall into a shaft and drop 1 floor!
   690 | D:3      | Reached XP level 3. HP: 31/31 MP: 2/2
   770 | D:3      | Reached skill level 1 in Armour
  1092 | D:3      | 1092 ||| READING scroll labelled GOLIATHRUZYL.
  1093 | D:3      | 1093 ||| READING scroll labelled ITUPHUC HEEXULL.
  1094 | D:3      | 1094 ||| DRINKING 2 orange potions.
  1095 | D:3      | 1095 ||| DROPPING potion of enlightenment.
  1156 | D:2      | Found a faded altar of an unknown god.
  1209 | D:2      | Reached XP level 4. HP: 37/38 MP: 3/3
  1323 | D:2      | 1323 ||| Stepping ~*~*~tactically~*~*~ (outnumbered).
  1400 | D:2      | Found Barok's Antique Armour Shoppe.
  1513 | D:2      | Reached skill level 6 in Ranged Weapons
  2050 | D:2      | 2050 ||| READING scroll labelled IBUITO PAXZEL.
  2051 | D:2      | 2051 ||| READING scroll labelled GOSCHOCWOKH.
  2052 | D:2      | 2052 ||| DRINKING 2 murky cyan potions.
  2053 | D:2      | 2053 ||| READING 2 scrolls of identify.
  2053 | D:2      | 2053 ||| IDENTIFYING viscous sapphire potion
  2054 | D:2      | 2054 ||| DROPPING potion of degeneration.
  2056 | D:2      | 2056 ||| Stepping ~*~*~tactically~*~*~ (cloud).
  2252 | D:3      | Reached XP level 5. HP: 23/46 MP: 4/4
  2455 | D:3      | Found a stormy altar of Qazlal.
  2582 | D:3      | 2582 ||| READING scroll labelled ATIELO MERRYN.
  2622 | D:4      | Noticed an ogre
  2624 | D:4      | HP: 11/46 [ogre/+0 giant spiked club (20)]
  2625 | D:4      | 2625 ||| DRINKING 2 potions of heal wounds.
  2628 | D:4      | Killed an ogre
  2629 | D:4      | Reached skill level 7 in Ranged Weapons
  2629 | D:4      | Reached XP level 6. HP: 29/52 MP: 5/5
  2790 | D:4      | Reached skill level 8 in Ranged Weapons
  3036 | D:4      | Reached XP level 7. HP: 60/61 MP: 6/6
  3220 | D:4      | Noticed Ijyb
  3228 | D:4      | Killed Ijyb
  3254 | D:4      | 3254 ||| UPGRADING to +0 cloak.
  3259 | D:4      | 3259 ||| UPGRADING to +1 cloak.
  3269 | D:4      | 3269 ||| DROPPING +0 cloak.
  3270 | D:4      | 3270 ||| READING scroll labelled JIHYQIOTUT.
  3271 | D:4      | 3271 ||| READING 3 scrolls of identify.
  3271 | D:4      | 3271 ||| IDENTIFYING fizzy blue potion
  3272 | D:4      | 3272 ||| DROPPING potion of lignification.
  3324 | D:5      | Entered Level 5 of the Dungeon
  3336 | D:5      | 3336 ||| STAIRDANCE
  3337 | D:5      | 3337 ||| STAIRDANCE
  3350 | D:4      | HP: 13/61 [orc warrior/+0 long sword (6)]
  3351 | D:4      | 3351 ||| DRINKING 2 potions of heal wounds.
  3355 | D:4      | HP: 9/61 [orc warrior/+0 long sword (11)]
  3356 | D:4      | 3356 ||| DRINKING potion of heal wounds.
  3359 | D:4      | HP: 1/61 [orc warrior/+0 long sword (8)]
  3363 | D:4      | Slain by an orc warrior

Levels and vault maps discovered:
D:1:      dpeg_arrival_rhombi, layout_rooms, grunt_decor_mini_mirrors,
          skrybe_limestone_x
D:2:      layout_loops_corners, shapermc_ecumenical_altar_hornbeckon,
          serial_shops, shop_statue, wad_floor_pattern_2, nicolae_grassy_gnolls
D:3:      layout_loops_ring, mainiacjoe_overflow_alcove_4
D:4:      layout_loops_ring, uniq_ijyb
D:5:      layout_rooms, temple_hall_moat, serial_shops, nicolae_shop_trees,
          nrook_mini_vaults, corner_web_ring, grunt_ministairs_6,
          minmay_circle_x, uniq_eustachio

Skill      XL: |  1  2  3  4  5  6  7 |
---------------+----------------------+-----
Ranged Weapons | 5 6 7 8 |  8.6
Fighting       | 3 4 5 |  5.2
Armour         | 1 2 |  2.0
Dodging        | |  2.1
Stealth        | |  0.7

Action                     |  1- 3 |  4- 6 |  7- 9 || total
---------------------------+-------+-------+-------++-------
   Fire: Shortbow          |   138 |   127 |    50 ||   315
    Use: Scroll            |     4 |     4 |     2 ||    10
         Potion            |     3 |     2 |     2 ||     7
 Armour: Leather armour    |     5 |       |       ||     5
         Ring mail         |    12 |    15 |    10 ||    37
  Dodge: Dodged            |    46 |    36 |    35 ||   117

Table legend:
 A = Non-vault XP
 B = Vault XP
 C = Vault XP percentage of total XP
 D = Non-vault monster count
 E = Vault monster count
 F = Vault count percentage of total count
                 A         B        C        D         E       F
            +---------+---------+-------+---------+---------+-------
      Total |     716 |     220 |  23.5 |      86 |      10 |  10.4
            +---------+---------+-------+---------+---------+-------
        D:1 |      39 |       0 |   0.0 |      25 |       0 |   0.0
        D:2 |      46 |      43 |  48.3 |      12 |       3 |  20.0
        D:3 |     142 |       0 |   0.0 |      27 |       0 |   0.0
        D:4 |     486 |     118 |  19.5 |      21 |       4 |  16.0
        D:5 |       3 |      59 |  95.2 |       1 |       3 |  75.0
            +---------+---------+-------+---------+---------+-------
